 Dungeon Crawl Stone Soup version 0.18.1-48-g4cf74bf (webtiles) character file.

582 HEYYEYAAE the Skirmisher (level 6, 0/55 HPs)
             Began as a Demigod Gladiator on Sept 11, 2016.
             Succumbed to a worker ant's poison
             ... on level 4 of the Dungeon.
             The game lasted 00:05:50 (4742 turns).

HEYYEYAAE the Skirmisher (Demigod Gladiator)        Turns: 4742, Time: 00:05:50

Health: 0/55       AC:  7    Str: 22    XL:     6   Next: 90%
Magic:  8/8        EV: 12    Int: 12    God:
Gold:   203        SH:  0    Dex: 16    Spells: 0 memorised, 5 levels left

rFire  . . .     SeeInvis .     a - +0 rapier
rCold  . . .     Gourm    .     o - +0 scale mail
rNeg   . . .     Faith    .     (no shield)
rPois  .         Spirit   .     c - +0 helmet
rElec  .         Dismiss  .     (no cloak)
rCorr  .         Reflect  .     (no gloves)
SustAt +         Harm     .     (no boots)
MR     +....     Rnd*Tele +     (no amulet)
Stlth  ..........               t - ring of protection from magic
                                k - ring of teleportation

@: lethally poisoned (0 -> -1), somewhat resistant to hostile enchantments,
extremely unstealthy
A: high mp 1, sustain attributes
a: no special abilities


You were on level 4 of the Dungeon.
You were not hungry.

You visited 1 branch of the dungeon, and saw 5 of its levels.

You collected 203 gold pieces.

Inventory:

Hand Weapons
 a - a +0 rapier (weapon)
Missiles
 d - 3 throwing nets (quivered)
Armour
 c - a +0 helmet (worn)
 o - a +0 scale mail (worn)
Jewellery
 k - a ring of teleportation (left hand)
 t - a ring of protection from magic (right hand)
Scrolls
 e - 2 scrolls of random uselessness
 h - 2 scrolls of identify
 l - 4 scrolls of remove curse
 q - 2 scrolls of teleportation
 v - a scroll of recharging
Potions
 b - 3 potions of brilliance
Books
 u - a book of the Sky

   Spells                             Type                      Level
   a - Summon Lightning Spire         Summoning/Air                4
   b - Airstrike                      Air                          4
   c - Silence                        Hexes/Air                    5
   d - Deflect Missiles               Charms/Air                   6
   e - Conjure Ball Lightning         Conjuration/Air              6
   f - Tornado                        Air                          9
Comestibles
 f - a bread ration
 g - a beef jerky
 j - a chunk of flesh
 m - 2 meat rations
 r - a slice of pizza


   Skills:
 * Level 4.8 Fighting
 + Level 3.8 Short Blades
 - Level 1.7 Throwing
 + Level 2.7 Armour
 + Level 4.1 Dodging


You had 5 spell levels left.
You didn't know any spells.

Dungeon Overview and Level Annotations

Branches:
Dungeon (5/15)
 Temple: D:4-7

Annotations:
D:4 appiemonkey's ghost, weakling MiFi
D:5 Grinder; Menkaure


Innate Abilities, Weirdness & Mutations

You have an increased reservoir of magic (+10% MP).
Your attributes are resistant to harm.


Message History

There is a lethal amount of poison in your body!
* * * LOW HITPOINT WARNING * * *
You feel sick.
Drink which item? (? for menu, Esc to quit)
Okay, then.
Read which item? (? for menu, Esc to quit)
As you read the scroll labeled KIYSUJ YNER, it crumbles to dust.
The scroll dissolves into smoke.
It was a scroll of fog.
* * * LOW HITPOINT WARNING * * *
You feel sick.
You are suddenly yanked towards a nearby monster!
Your surroundings suddenly seem different.
The adder bites you but does no damage.
An adder comes into view.
You hit the adder.
The adder is moderately wounded.
The adder bites you but does no damage.
You closely miss the adder.
The adder is moderately wounded.
You die...

** *, *, *, #######
#########.
##.....###.......#.
#.@....>...........
#.S.....##.#####.#.
#...###.##.#####.#.
###.###............
##.#..........#.#.
#.............#.#.
#..#..........#<#.
#.....###########.
#.###)# #.......


You could see an adder.

Vanquished Creatures
  A centaur (D:5)
  3 howler monkeys (D:4)
  2 hounds (D:3)
  An orc priest (D:4)
  2 orc wizards
  2 iguanas
  2 worker ants (D:4)
  5 adders
  An ooze (D:3)
  5 worms
  3 giant geckos
  11 orcs
  6 giant cockroaches
  3 goblins
  6 hobgoblins
  2 jackals (D:3)
  3 quokkas (D:3)
  A ball python (D:1)
  6 bats
  A giant newt (D:1)
  10 kobolds
  5 rats
81 creatures vanquished.

Notes
Turn   | Place    | Note
--------------------------------------------------------------
     0 | D:1      | HEYYEYAAE the Demigod Gladiator began the quest for the Orb.
     0 | D:1      | Reached XP level 1. HP: 17/17 MP: 3/3
   569 | D:1      | Reached XP level 2. HP: 24/24 MP: 4/4
   822 | D:2      | Reached skill level 1 in Armour
   926 | D:2      | Found an iron altar of Okawaru.
   996 | D:2      | Reached XP level 3. HP: 23/30 MP: 5/5
  2244 | D:3      | Reached XP level 4. HP: 16/38 MP: 6/6
  2742 | D:3      | Found a sacrificial altar of Ru.
  2884 | D:3      | Found a basalt altar of Yredelemnul.
  2974 | D:3      | Reached XP level 5. HP: 36/45 MP: 7/7
  3225 | D:4      | Noticed a phantom
  3225 | D:4      | Noticed appiemonkey's ghost (weakling MiFi)
  3267 | D:5      | Entered Level 5 of the Dungeon
  3286 | D:5      | Noticed a centaur
  3299 | D:5      | Killed a centaur
  3457 | D:5      | Noticed a soldier ant
  3457 | D:5      | Noticed Menkaure
  3670 | D:5      | Noticed Grinder
  3715 | D:4      | Reached XP level 6. HP: 43/52 MP: 8/8
  4726 | D:4      | HP: 2/55 [poisoned by a worker ant]
  4731 | D:4      | HP: 1/55 [poisoned by a worker ant]
  4738 | D:4      | HP: 1/55 [poisoned by a worker ant]
  4742 | D:4      | Succumbed to a worker ant's poison

Skill      XL: |  1  2  3  4  5  6 |
---------------+-------------------+-----
Fighting       | 2 3 4 |  4.8
Armour         | 1 2 |  2.7
Dodging        | 3 4 |  4.1
Short Blades   | 3 |  3.8
Throwing       | |  1.7

Action                   |  1- 3 |  4- 6 || total
-------------------------+-------+-------++-------
Melee: Rapier            |   207 |   270 ||   477
  Use: Potion            |       |     7 ||     7
       Scroll            |       |     8 ||     8
  Eat: Chunk             |     3 |     5 ||     8
       Bread ration      |       |     1 ||     1
Armor: Leather armour    |    11 |       ||    11
       Scale mail        |    63 |    93 ||   156
       Skin              |       |     6 ||     6
Dodge: Dodged            |   149 |   211 ||   360
